AoeStats
← Prometheus

Coastal Forest

510597236Analyzed
2v2 RM · 10h ago on Oct 1, 2026· 44m 20s· 4 players
Game mode
Random Map
Map size
Medium (4 player)
Population
200
Speed
Normal
Resources
Standard
Victory
Conquest
Starting age
Dark Age
Ending age
Imperial Age
RankedLock teamsTeams togetherTeam positionsShared explorationLock speedFull tech treeHidden civsTurbo modeCheats
Victory
Defeat
🇫🇷 Poles · France
1018
+16
🇫🇷 Vietnamese · France
989
+18
🇬🇧 Byzantines · United Kingdom
1035
-17
🇬🇧 Turks · United Kingdom
1013
-17
Eliot
11:39 Feudal Age
9:55 Loom
15:36 Castle Age
13:24 Double-Bit Axe
13:55 Horse Collar
14:08 Stone Mining
16:21 Wheelbarrow
16:46 Heavy Plow
24:13 Town Watch
25:03 Bow Saw
31:04 Imperial Age
28:58 Gold Mining
30:30 Hand Cart
30:48 Scale Barding Armor
30:54 Forging
30:54 Fletching
32:17 Crop Rotation
31:09 Light Cavalry
31:50 Husbandry
32:30 Stone Shaft Mining
32:45 Conscription
32:42 Bodkin Arrow
33:12 Ballistics
32:33 Treadmill Crane
33:03 Masonry
32:59 Siege Engineers
33:19 Bloodlines
34:13 Iron Casting
34:28 Bracer
38:34 Chain Barding Armor
39:15 Blast Furnace
39:17 Chemistry
40:32 Lechitic Legacy
39:44 Winged Hussar
42:04 Scale Mail Armor
42:05 Squires
41:50 Arson
42:40 Coinage
Moon*
0:45 Loom
14:39 Feudal Age
17:10 Town Watch
17:21 Double-Bit Axe
20:10 Castle Age
19:04 Horse Collar
21:10 Bow Saw
21:19 Heavy Plow
22:53 Squires
26:02 Wheelbarrow
26:58 Ballistics
27:23 Stone Mining
28:27 Hand Cart
29:18 Stone Shaft Mining
29:27 Town Patrol
30:03 Gold Mining
31:36 Murder Holes
32:00 Pikeman
32:36 Treadmill Crane
33:07 Masonry
33:27 Scale Mail Armor
33:37 Forging
36:34 Scale Barding Armor
36:45 Chain Mail Armor
37:06 Iron Casting
38:17 Chain Barding Armor
40:36 Husbandry
40:47 Bloodlines
40:01 Light Cavalry
Loxias
8:55 Loom
11:56 Feudal Age
23:28 Castle Age
22:34 Gold Mining
22:31 Double-Bit Axe
26:07 Forging
26:36 Gold Shaft Mining
27:47 Iron Casting
33:19 Scale Barding Armor
37:40 Imperial Age
36:28 Chain Barding Armor
38:46 Cavalier
40:07 Plate Barding Armor
42:23 Scale Mail Armor
41:47 Pikeman
42:28 Squires
42:30 Heavy Camel Rider
42:43 Halberdier
Prometheus
10:58 Feudal Age
11:42 Double-Bit Axe
16:49 Castle Age
15:08 Horse Collar
16:57 Scale Barding Armor
18:44 Loom
21:31 Stone Mining
22:43 Bloodlines
23:09 Forging
23:31 Gold Mining
24:19 Town Watch
25:17 Bow Saw
25:16 Fletching
26:58 Wheelbarrow
31:28 Imperial Age
29:45 Padded Archer Armor
30:47 Gold Shaft Mining
31:15 Husbandry
32:34 Conscription
34:13 Two-Man Saw
34:20 Artillery
35:34 Heavy Camel Rider
37:23 Hand Cart
39:51 Chain Barding Armor
39:47 Leather Archer Armor
40:08 Iron Casting
Connection lost

Rejoining the realm…

Still unreachable

The connection could not be restored.

Session expired

The server has moved on; the page needs a fresh start.